Map: Ulrena

Players

zidar - Winner!

  • Race: Zerg Zerg
  • League: Silver
  • Spawn Location: 7:00

FunDoc

  • Race: Protoss Protoss
  • League: Silver
  • Spawn Location: 11:00

VOD

Have the link to the VOD?

Description

Time

  • Played on: Nov. 27, 2015, 1:13 p.m.
  • Length: 10:46
Show
View Real Time Build Order
Export as new Build Order

zidar Zerg - Winner!

Build Orders: Hatch First 

Get SALT Encoding   

  12  0:01  Drone  
  13  0:12  Overlord  
  13  0:17  Drone  
  14  0:30  Drone x2  
  14  0:34  Extractor  
  14  0:35  Drone  
  17  0:57  Hatchery  
  17  0:59  Drone  
  17  1:14  Extractor  
  17  1:18  Spawning Pool  
  15  1:19  Drone  
  15  1:22  Drone  
  17  1:27  Drone  
  18  1:48  Drone  
  18  1:49  Overlord  
  19  2:00  Drone  
  20  2:03  Drone  
  20  2:08  Queen  
  21  2:09  Queen  
  25  2:29  Drone x4  
  29  2:39  Metabolic Boost  
  29  2:48  Roach Warren  
  28  3:04  Extractor  
  27  3:21  Drone  
  27  3:23  Overlord x3  
  27  3:24  Overlord  
  29  3:41  Drone x4  
  29  3:48  Zergling x6  
  35  3:58  Roach  
  35  3:59  Roach x4  
  45  4:08  Roach  
  45  4:09  Roach x2  
  51  4:11  Zergling x2  
  52  4:20  Roach x2  
  56  4:41  Drone x3  
  56  4:43  Drone  
  60  4:46  Overlord x3  
  60  5:04  Roach x4  
  60  5:05  Roach  
  60  5:06  Roach  
  73  5:07  Zergling x2  
  73  5:09  Zergling x2  
  74  5:39  Zergling x2  
  74  5:40  Zergling x4  
  74  5:41  Roach  
  74  5:42  Roach x2  
  83  5:52  Overlord  
  83  5:53  Overlord  
  83  5:54  Zergling x2  
  67  6:25  Roach  
  67  6:26  Roach x11  
  86  6:52  Roach x4  
  94  6:54  Queen  
  96  7:29  Hatchery  
  64  8:18  Roach x3  
  64  8:19  Roach x9  
  70  8:54  Roach x6  
  70  9:37  Ravager  
  65  9:47  Queen  
  65  9:49  Queen  
  65  9:52  Roach  
  71  9:53  Roach x11  
Show
View Real Time Build Order
Export as new Build Order

FunDoc Protoss 

Build Orders:  

Get SALT Encoding   

  12  0:03  Probe (Chrono Boost)  
  14  0:14  Probe (Chrono Boost)  
  14  0:21  Pylon  
  14  0:32  Probe (Chrono Boost)  
  15  0:43  Gateway  
  15  0:46  Probe (Chrono Boost)  
  15  0:49  Assimilator  
  16  1:03  Probe (Chrono Boost)  
  17  1:15  Forge  
  17  1:17  Probe (Chrono Boost)  
  18  1:28  Probe (Chrono Boost)  
  19  1:34  Cybernetics Core  
  19  1:38  Probe (Chrono Boost)  
  20  1:49  Probe (Chrono Boost)  
  21  1:59  Probe (Chrono Boost), Photon Cannon  
  21  2:00  Pylon  
  22  2:23  Warp Gate (Chrono Boost), Twilight Council  
  22  2:29  Pylon  
  22  2:49  Gateway  
  22  2:50  Gateway  
  22  2:57  Photon Cannon  
  22  3:11  Gateway  
  22  3:14  Gateway  
  22  3:19  Charge (Chrono Boost)  
  22  3:34  Gateway  
  22  3:45  Photon Cannon  
  20  4:18  Gateway  
  20  4:21  Pylon  
  20  4:24  Pylon  
  20  4:26  Pylon  
  20  4:31  Zealot x2  
  22  4:33  Zealot  
  26  4:52  Zealot x2  
  28  4:53  Zealot  
  28  4:58  Zealot  
  34  5:14  Zealot  
  36  5:15  Zealot  
  36  5:18  Zealot  
  40  5:26  Zealot  
  42  5:32  Zealot  
  44  5:58  Zealot x3  
  44  5:59  Zealot  
  52  6:16  Zealot x2  
  52  6:17  Zealot  
  20  6:50  Photon Cannon, Assimilator  
  20  6:59  Photon Cannon, Pylon  
  20  7:05  Stargate  
  20  7:22  Stargate  
  20  7:39  Photon Cannon  
  20  7:41  Zealot  
  20  7:42  Zealot  
  20  7:43  Sentry  
  26  7:51  Sentry x2  
  24  7:52  Sentry  
  26  8:14  Forge  
  26  8:17  Sentry  
  26  8:28  Zealot  
  26  8:29  Zealot x3  
  28  8:43  Pylon  
  28  8:53  Pylon  
  24  9:00  Zealot x2  
  24  9:22  Sentry  
  24  9:24  Sentry  
  24  9:37  Pylon  
  24  9:42  Pylon  
  24  9:46  Photon Cannon  
  24  9:58  Photon Cannon  
  24  10:13  Photon Cannon  
  24  10:24  Sentry x2  
  24  10:26  Sentry  
Tags
 
Matchup
PvZ
Spawn Locations
Close Positions
Add a new tag
Caveats
  • Supply blocks, unpowered buildings, or Contaminate may cause inaccurate times.
  • Supply counts are checked every 10 seconds.